Workbook

Sheet Resumo
B1: Timbre da empresa
B2: Nome da empresa | G2: Data
B3: Endereço | G3: Orçamento nº
B4: Telefone
B5: CNPJ | G5: Inscrição
B6: Site | G6: E-mail
B8: Ao Município de Pinhais - CNPJ 95.423.000/0001-00 Rodovia João Leopoldo Jacomel, 12162 CEP 83.323-410 - Pinhais - PR
B10: POSTO FIXO DE VIGIA
B12: ITEM | C12: UNIDADE | D12: DESCRIÇÃO | E12: QUANTIDADE POSTOS | F12: QUANTIDADE 24 MESES | G12: VALOR POR POSTO | H12: CUSTO MENSAL | I12: CUSTO TOTAL 24 MESES
B13: 1 | C13: UNID | D13: POSTO FIXO 12 HORAS DIURNO "TIPO A" | E13: 18 | F13: =E13*24 -> 432 | H13: =G13*E13 -> 0 | I13: =H13*24 -> 0
B14: 2 | C14: UNID | D14: POSTO FIXO 12 HORAS NOTURNO "TIPO B" | E14: 18 | F14: =E14*24 -> 432 | H14: =G14*E14 -> 0 | I14: =H14*24 -> 0
B15: 3 | C15: UNID | D15: POSTO FIXO 12 HORAS DIURNO – SDF (SÁBADOS, DOMINGOS E FERIADOS) | E15: 6 | F15: =E15*24 -> 144 | H15: =G15*E15 -> 0 | I15: =H15*24 -> 0
B16: VALOR TOTAL | H16: =SUM(H13:H14) -> 0 | I16: =SUM(I13:I14) -> 0
B19: Validade da proposta: 90 (noventa) dias.
B23: Assinatura
B24: Nome do responsável

Sheet vigia diurno 
A1: PREFEITURA MUNICIPAL DE PINHAIS
A3: SECRETARIA MUNCIPAL DE SEGURANÇA E TRANSITO - SESET
A5: MODELO DE PLANILHA DE CUSTOS E FORMAÇÃO DO PREÇO
A6: EMPRESA:
A7: Licitação nº: | B7: XX | D7: 20XX
A8: OBJETO DA LICITAÇÃO: | B8: POSTO FIXO DE VIGIA
A10: Regime Tributário da Empresa: LUCRO REAL
A12: DISCRIMINAÇÃO DOS SERVIÇOS - DADOS REFERENTES À CONTRATAÇÃO
A13: Tipo de Serviço | D13: VIGIA DIURNO
A14: Unidade de Medida | D14: POSTO
A15: Número de Meses da execucao contratual | D15: 12
A16: Categoria Profissional | D16: =D13 -> VIGIA DIURNO
A17: Data base da categoria | D17: 46054
A20: MÓDULO 1: COMPOSIÇÃO DA REMUNERAÇÃO | D20: 1
A21: CATEGORIA DO EMPREGADO: | B21: VIGIA 44H SEMANAIS
A23: REMUNERAÇÃO | B23: % | C23: VALOR | D23: FUNDAMENTO LEGAL/MEMÓRIA DE CÁLCULO
A24: Salário Normativo | C24: 0 | D24: Piso da categoria CCT
A25: Adicional Insalubridade | C25: =(1412*B25) -> 0 | D25: De acordo com o CCT
A26: Adicional de assiduidade | C26: 0
A27: Outros (Especificar) | C27: 0
A28: TOTAL DA REMUNERAÇÃO | C28: =SUM(C24:C27) -> 0 | D28: Salário + Adicionais
A29: TOTAL DO MÓDULO 1 | C29: =C28 -> 0 | D29: Total da Remuneração: salário + Adicionais
A31: MÓDULO 2: BENEFÍCIOS MENSAIS E DIÁRIOS
A32: *OBS: O valor informado deverá ser o custo real do insumo, descontado o valor eventualmente pago pelo empregado.
A33: BENEFÍCIOS | B33: % s/REMUN | C33: VALOR | D33: OBSERVAÇÕES/ FUNDAMENTO LEGAL/MEMÓRIA DE CÁLCULO
A34: Vale-transporte | B34: =C34/$C$29 -> #DIV/0! | C34: =(6*15.5*2)-(C24*6%) -> 186 | D34: CCT 2024 cláusula 14ª Lei 7.418/95; OBS: Caso o transporte seja feito pela própria empresa apresentar justificativa e os custos relativos a essa forma de transporte.
A35: Vale alimentação | B35: =C35/$C$29 -> #DIV/0! | C35: =805*0.8 -> 644 | D35: CCT 2020 cláusula 13ª
A36: Seguro de Vida | B36: =C36/$C$29 -> #DIV/0! | C36: 0
A37: Auxilio Funeral - Benefício Social Familiar | B37: =C37/$C$29 -> #DIV/0! | D37: CCT 2020 cláusula 16ª
A38: Assistência Médica | B38: =C38/$C$29 -> #DIV/0! | D38: CCT 2020 cláusula 15ª
A39: Exames Medicos/Laudos Seg.Trab. | B39: =C39/$C$29 -> #DIV/0! | C39: 0
A40: Fundo de Formação Profissional | B40: =C40/$C$29 -> #DIV/0! | D40: CCT 2020 cláusula 22ª
A41: Refeição nas Férias | B41: =C41/$C$29 -> #DIV/0! | C41: =C35/12 -> 53.666667
A42: TOTAL DO MÓDULO 2 | B42: =SUM(B34:B41) -> #DIV/0! | C42: =SUM(C34:C41) -> 883.66667 | D42: Total dos Benefícios mensais e diários
A44: MÓDULO 3: INSUMOS DIVERSOS
A45: BENEFÍCIOS | B45: % s/REMUN | C45: VALOR | D45: OBSERVAÇÕES/ FUNDAMENTO LEGAL/MEMÓRIA DE CÁLCULO
A46: Uniforme/EPI | B46: =C46/$C$29 -> #DIV/0! | C46: 0 | D46: Inclui todos os itens que compõe o uniforme e EPI, que é fornecido gratuitamente ao empregado. Sugere-se pesquisa de preços.
A47: Equipamentos | C47: =C29*B47 -> 0
A48: Materiais de limpeza | C48: =C29*B48 -> 0
A49: Equipamento Relogio Biométrico
A50: TOTAL DO MÓDULO 3 | B50: =SUM(B46:B49) -> #DIV/0! | C50: =SUM(C46:C49) -> 0 | D50: Total dos Insumos diversos
A52: MÓDULO 4: ENCARGOS SOCIAIS E TRABALHISTAS
A53: *OPÇÃO ENCARGOS SOCIAIS : GERAL OU SIMPLES
A54: ESCOLHER OPÇÃO DO TIPO DE EMPRESA : "GERAL" | D54: GERAL
A55: SUBMÓDULO 4.1: Encargos Previdenciários e FGTS
A56: RUBRICA | B56: % | C56: VALOR | D56: OBSERVAÇÕES/ FUNDAMENTO LEGAL/MEMÓRIA DE CÁLCULO
A57: INSS | B57: 0.2 | C57: =B57*$C$29 -> 0 | D57: Fundamento Legal: art. 25, inciso I, da Lei 8.212/91. Portanto, igual a 20% sobre o total da remuneração.
A58: SESI/SESC | B58: 0.015 | C58: =B58*$C$29 -> 0 | D58: Fundamento Legal: art. 30 da Lei 8.036/90. Portanto, igual a 1,5% sobre o total da remuneração
A59: INCRA | B59: 0.002 | C59: =B59*$C$29 -> 0 | D59: Fundamento Legal: Decreto Lei nº 1.146/70. Portanto 0,2% sobre o total da remuneração
A60: SENAI/SENAC | B60: 0.01 | C60: =B60*$C$29 -> 0 | D60: Fundamento Legal: Decreto nº 2.318/86. Portanto, 1% sobre o total da remuneração
A61: Salário Educação | B61: 0.025 | C61: =B61*$C$29 -> 0 | D61: Fundamento Legal: Art. 3º, inciso I, do Decreto nº 87.043/82. Portanto, 2,5% sobre o total da remuneração
A62: R.A.T. (RAT 3,00% x FAP1) | B62: 0.03 | C62: =B62*$C$29 -> 0 | D62: Fundamento Legal: Art. 22, inciso II, da Lei 8.212/91 e Decreto nº 3048, de 6/5/99, anexo V, alterado pelo Decreto 6042 de 12/2/07.
A63: FGTS | B63: 0.08 | C63: =B63*$C$29 -> 0 | D63: Fundamento Legal: Art. 15 da Lei. 8036/90 e art 7º, inciso III, da Constituição Federal de 05/10/88.Portanto, 8,0% sobre a remuneração.
A64: SEBRAE | B64: 0.006 | C64: =B64*$C$29 -> 0 | D64: Fundamento Legal: Art. 8º da Lei 8.029/910, alterada pela Lei nº 8.154/90. Portanto, 0,6% sobre o total da remuneração
A65: TOTAL DO GRUPO 4.1 | B65: =SUM(B57:B64) -> 0.368 | C65: =SUM(C57:C64) -> 0 | D65: Soma de todos os Encargos Sociais do Grupo 4.1
A67: SUBMÓDULO 4.2: 13º SALÁRIO
A68: RUBRICA | B68: % | C68: VALOR | D68: OBSERVAÇÕES/ FUNDAMENTO LEGAL/MEMÓRIA DE CÁLCULO
A69: B) 13º salario | B69: 0.0833 | C69: =B69*$C$29 -> 0
A70: Subtotal | B70: 0.0833 | C70: =B70*$C$29 -> 0
A71: C) Incid. do 4.1 sobre 13º Sal | B71: =B70*B65 -> 0.0306544 | C71: =B71*$C$29 -> 0
A72: TOTAL DO GRUPO 4.2 | B72: =B70+B71 -> 0.1139544 | C72: =C70+C71 -> 0
A74: SUBMÓDULO 4.3: AFASTAMENTO MATERNIDADE
A75: RUBRICA | B75: % | C75: VALOR | D75: OBSERVAÇÕES/ FUNDAMENTO LEGAL/MEMÓRIA DE CÁLCULO
A76: A) Licença Maternidade | B76: 0.0015 | C76: =B76*$C$29 -> 0 | D76: Lei 10.421/02 - Lei 12.010/2009
A77: B) Incid. do 4.1 sobre Afast Matern | B77: =B76*B65 -> 0.000552 | C77: =B77*$C$29 -> 0 | D77: fórmula
A78: TOTAL DO GRUPO 4.3 | B78: =SUM(B76:B77) -> 0.002052 | C78: =SUM(C76:C77) -> 0
A80: SUBMÓDULO 4.4: PROVISÃO PARA RESCISÃO
A81: RUBRICA | B81: % | C81: VALOR | D81: OBSERVAÇÕES/ FUNDAMENTO LEGAL/MEMÓRIA DE CÁLCULO
A82: A) Aviso Prévio Indenizado | B82: 0.0194 | C82: =B82*$C$29 -> 0 | D82: Art 7º, XXI, CF e 477, 487 e 491 CLT:
A83: B) FGTS s/ Av Pr Inden | B83: =B82*8% -> 0.001552 | C83: =B83*$C$29 -> 0 | D83: De acordo com retificação, publicada no DOU de 1/04/11, da PN 07/11, a incidência do FGTS passa a ser sobre o API
A84: C) Multa do FGTS s/ AP Ind | B84: =B83*50% -> 0.000776 | C84: =B84*$C$29 -> 0 | D84: fórmula
A85: D) Aviso Previo Trabalhado | B85: 0.0054 | C85: =B85*$C$29 -> 0 | D85: Art 7º, XXI, CF e 477, 487 e 491 CLT: 1sal/30(dias)*7(aviso previo)/12(meses)*1%
A86: Aviso Prévio Final contrato | B86: 0.0001 | C86: =B86*$C$29 -> 0 | D86: Art 7º, XXI, CF e 477, 487 e 491 CLT
A87: E) Incid 4.1 s/ Av Pr. Trab. | B87: =((B85+B86))*B65 -> 0.002024 | C87: =B87*$C$29 -> 0 | D87: fórmula
A88: F) Multa do FGTS s/ Av Prev Trab | B88: 0.04 | C88: =B88*$C$29 -> 0 | D88: Lei 8036/90 e 9491/97e LC 110/2001: 8%(FGTS)x50%(Multa)x100%( estimando todos demitidos ao final do contrato)
A89: G) Indenização Adicional | B89: 0.0003 | C89: =B89*$C$29 -> 0 | D89: Lei nº 6.708/1979 e a Lei nº 7.238/1984: 1(mês)/12(meses)x1%frequencia estimada
A90: TOTAL DO GRUPO 4.4 | B90: =SUM(B82:B89) -> 0.069552 | C90: =SUM(C82:C89) -> 0
A92: SUBMÓDULO 4.5: CUSTO DE REPOSIÇÃO DE PROFISSIONAL AUSENTE
A93: RUBRICA | B93: % | C93: VALOR | D93: OBSERVAÇÕES/ FUNDAMENTO LEGAL/MEMÓRIA DE CÁLCULO
A94: A) Férias | B94: 0.1111 | C94: =B94*$C$29 -> 0 | D94: 1/11 avos + 1/3 abono constitucional
A95: B) Ausência por Doença | B95: 0.0045 | C95: =B95*$C$29 -> 0 | D95: Art. 59 e 64 lei 8213/91
A96: C) Licença Paternidade | B96: 0.0063 | C96: =B96*$C$29 -> 0 | D96: Art. XIX CF e 10§1º CLT
A97: D) Ausências legais | B97: 0.0021 | C97: =B97*$C$29 -> 0
A98: E) Ausência por Acidente do Trabalho | B98: 0.0032 | C98: =B98*$C$29 -> 0 | D98: Art.19 a 23 lei 8213/91
A99: F) OUTROS | B99: 0 | C99: =B99*$C$29 -> 0
A100: SUBTOTAL | B100: =SUM(B94:B99) -> 0.1272 | C100: =B100*$C$29 -> 0
A101: G) Incid. 4.1 s/ custo rep prof ausente | B101: =B100*B65 -> 0.0468096 | C101: =B101*$C$29 -> 0
A102: TOTAL DO GRUPO 4.5 | B102: =B100+B101 -> 0.1740096 | C102: =C100+C101 -> 0
A104: QUADRO RESUMO MÓDULO 4: ENCARGOS SOCIAIS E TRABALHISTAS
A105: RESUMO | B105: % | C105: VALOR | D105: OBSERVAÇÕES/ FUNDAMENTO LEGAL/MEMÓRIA DE CÁLCULO
A106: 4.1. Encargos Previdenc. e FGTS | B106: =B65 -> 0.368 | C106: =C65 -> 0
A107: 4.2. 13º Sal | B107: =B72 -> 0.1139544 | C107: =C72 -> 0
A108: 4.3. Afastamento Maternidade | B108: =B78 -> 0.002052 | C108: =C78 -> 0
A109: 4.4. Provisão p/ rescisão | B109: =B90 -> 0.069552 | C109: =C90 -> 0
A110: 4.5. Custo de Repos. Prof. Ausente | B110: =B102 -> 0.1740096 | C110: =C102 -> 0
A111: TOTAL DO MÓDULO 4 | B111: =SUM(B106:B110) -> 0.727568 | C111: =SUM(C106:C110) -> 0
A113: VALOR DOS CUSTOS DIRETOS | B113: =C111+C50+C42+C29 -> 883.66667 | D113: MODULO 1+MÓDULO 2+MÓDULO 3+MÓDULO 4
A115: MÓDULO 5: CUSTOS INDIRETOS, TRIBUTOS E LUCRO
A116: OPÇÃO TRIBUTAÇÃO: LUCRO REAL, PRESUMIDO OU SIMPLES
A117: ESCOLHER OPÇÃO DO REGIME DE TRIBUTAÇÃO: | D117: LUCRO REAL
...

Sheet vigia noturno
A1: PREFEITURA MUNICIPAL DE PINHAIS
A3: SECRETARIA MUNCIPAL DE SEGURANÇA E TRANSITO - SESET
A5: MODELO DE PLANILHA DE CUSTOS E FORMAÇÃO DO PREÇO
A6: EMPRESA:
A7: Licitação nº: | B7: XX | D7: 20XX
A8: OBJETO DA LICITAÇÃO: | B8: POSTO FIXO DE VIGIA
A10: Regime Tributário da Empresa: LUCRO REAL
A12: DISCRIMINAÇÃO DOS SERVIÇOS - DADOS REFERENTES À CONTRATAÇÃO
A13: Tipo de Serviço | D13: VIGIA NOTURNO
A14: Unidade de Medida | D14: POSTO
A15: Número de Meses da execucao contratual | D15: 24
A16: Categoria Profissional | D16: =D13 -> VIGIA NOTURNO
A17: Data base da categoria | D17: 46054
A20: MÓDULO 1: COMPOSIÇÃO DA REMUNERAÇÃO | D20: 1
A21: CATEGORIA DO EMPREGADO: | B21: VIGIA 44H SEMANAIS
A23: REMUNERAÇÃO | B23: % | C23: VALOR | D23: FUNDAMENTO LEGAL/MEMÓRIA DE CÁLCULO
A24: Salário Normativo | C24: 0 | D24: Piso da categoria CCT
A25: Adicional Noturno | C25: =(1412*B25) -> 0 | D25: De acordo com o CCT
A26: Hora extra Reduzido Noturna | C26: 0
A27: Outros (Especificar) | C27: 0
A28: TOTAL DA REMUNERAÇÃO | C28: =SUM(C24:C27) -> 0 | D28: Salário + Adicionais
A29: TOTAL DO MÓDULO 1 | C29: =C28 -> 0 | D29: Total da Remuneração: salário + Adicionais
A31: MÓDULO 2: BENEFÍCIOS MENSAIS E DIÁRIOS
A32: *OBS: O valor informado deverá ser o custo real do insumo, descontado o valor eventualmente pago pelo empregado.
A33: BENEFÍCIOS | B33: % s/REMUN | C33: VALOR | D33: OBSERVAÇÕES/ FUNDAMENTO LEGAL/MEMÓRIA DE CÁLCULO
A34: Vale-transporte | B34: =C34/$C$29 -> #DIV/0! | C34: =(6*15.5*2)-(C24*6%) -> 186 | D34: CCT 2024 cláusula 14ª Lei 7.418/95; OBS: Caso o transporte seja feito pela própria empresa apresentar justificativa e os custos relativos a essa forma de transporte.
A35: Vale alimentação | B35: =C35/$C$29 -> #DIV/0! | C35: =805*0.8 -> 644 | D35: CCT 2020 cláusula 13ª
A36: Seguro de Vida | B36: =C36/$C$29 -> #DIV/0! | C36: 0
A37: Auxilio Funeral - Benefício Social Familiar | B37: =C37/$C$29 -> #DIV/0! | C37: 0 | D37: CCT 2020 cláusula 16ª
A38: Assistência Médica | B38: =C38/$C$29 -> #DIV/0! | C38: 0 | D38: CCT 2020 cláusula 15ª
A39: Exames Medicos/Laudos Seg.Trab. | B39: =C39/$C$29 -> #DIV/0! | C39: 0
A40: Fundo de Formação Profissional | B40: =C40/$C$29 -> #DIV/0! | C40: 0 | D40: CCT 2020 cláusula 22ª
A41: Refeição nas Férias | B41: =C41/$C$29 -> #DIV/0! | C41: =C35/12 -> 53.666667
A42: TOTAL DO MÓDULO 2 | B42: =SUM(B34:B41) -> #DIV/0! | C42: =SUM(C34:C41) -> 883.66667 | D42: Total dos Benefícios mensais e diários
A44: MÓDULO 3: INSUMOS DIVERSOS
A45: BENEFÍCIOS | B45: % s/REMUN | C45: VALOR | D45: OBSERVAÇÕES/ FUNDAMENTO LEGAL/MEMÓRIA DE CÁLCULO
A46: Uniforme/EPI | B46: =C46/$C$29 -> #DIV/0! | C46: 0 | D46: Inclui todos os itens que compõe o uniforme e EPI, que é fornecido gratuitamente ao empregado. Sugere-se pesquisa de preços.
A47: Equipamentos | C47: =C29*B47 -> 0
A48: Materiais de limpeza | C48: =C29*B48 -> 0
A49: Equipamento Relogio Biométrico
A50: TOTAL DO MÓDULO 3 | B50: =SUM(B46:B49) -> #DIV/0! | C50: =SUM(C46:C49) -> 0 | D50: Total dos Insumos diversos
A52: MÓDULO 4: ENCARGOS SOCIAIS E TRABALHISTAS
A53: *OPÇÃO ENCARGOS SOCIAIS : GERAL OU SIMPLES
A54: ESCOLHER OPÇÃO DO TIPO DE EMPRESA : "GERAL" | D54: GERAL
A55: SUBMÓDULO 4.1: Encargos Previdenciários e FGTS
A56: RUBRICA | B56: % | C56: VALOR | D56: OBSERVAÇÕES/ FUNDAMENTO LEGAL/MEMÓRIA DE CÁLCULO
A57: INSS | B57: 0.2 | C57: =B57*$C$29 -> 0 | D57: Fundamento Legal: art. 25, inciso I, da Lei 8.212/91. Portanto, igual a 20% sobre o total da remuneração.
A58: SESI/SESC | B58: 0.015 | C58: =B58*$C$29 -> 0 | D58: Fundamento Legal: art. 30 da Lei 8.036/90. Portanto, igual a 1,5% sobre o total da remuneração
A59: INCRA | B59: 0.002 | C59: =B59*$C$29 -> 0 | D59: Fundamento Legal: Decreto Lei nº 1.146/70. Portanto 0,2% sobre o total da remuneração
A60: SENAI/SENAC | B60: 0.01 | C60: =B60*$C$29 -> 0 | D60: Fundamento Legal: Decreto nº 2.318/86. Portanto, 1% sobre o total da remuneração
A61: Salário Educação | B61: 0.025 | C61: =B61*$C$29 -> 0 | D61: Fundamento Legal: Art. 3º, inciso I, do Decreto nº 87.043/82. Portanto, 2,5% sobre o total da remuneração
A62: R.A.T. (RAT 3,00% x FAP1) | B62: 0.03 | C62: =B62*$C$29 -> 0 | D62: Fundamento Legal: Art. 22, inciso II, da Lei 8.212/91 e Decreto nº 3048, de 6/5/99, anexo V, alterado pelo Decreto 6042 de 12/2/07.
A63: FGTS | B63: 0.08 | C63: =B63*$C$29 -> 0 | D63: Fundamento Legal: Art. 15 da Lei. 8036/90 e art 7º, inciso III, da Constituição Federal de 05/10/88.Portanto, 8,0% sobre a remuneração.
A64: SEBRAE | B64: 0.006 | C64: =B64*$C$29 -> 0 | D64: Fundamento Legal: Art. 8º da Lei 8.029/910, alterada pela Lei nº 8.154/90. Portanto, 0,6% sobre o total da remuneração
A65: TOTAL DO GRUPO 4.1 | B65: =SUM(B57:B64) -> 0.368 | C65: =SUM(C57:C64) -> 0 | D65: Soma de todos os Encargos Sociais do Grupo 4.1
A67: SUBMÓDULO 4.2: 13º SALÁRIO
A68: RUBRICA | B68: % | C68: VALOR | D68: OBSERVAÇÕES/ FUNDAMENTO LEGAL/MEMÓRIA DE CÁLCULO
A69: B) 13º salario | B69: 0.0833 | C69: =B69*$C$29 -> 0
A70: Subtotal | B70: 0.0833 | C70: =B70*$C$29 -> 0
A71: C) Incid. do 4.1 sobre 13º Sal | B71: =B70*B65 -> 0.0306544 | C71: =B71*$C$29 -> 0
A72: TOTAL DO GRUPO 4.2 | B72: =B70+B71 -> 0.1139544 | C72: =C70+C71 -> 0
A74: SUBMÓDULO 4.3: AFASTAMENTO MATERNIDADE
A75: RUBRICA | B75: % | C75: VALOR | D75: OBSERVAÇÕES/ FUNDAMENTO LEGAL/MEMÓRIA DE CÁLCULO
A76: A) Licença Maternidade | B76: 0.0015 | C76: =B76*$C$29 -> 0 | D76: Lei 10.421/02 - Lei 12.010/2009
A77: B) Incid. do 4.1 sobre Afast Matern | B77: =B76*B65 -> 0.000552 | C77: =B77*$C$29 -> 0 | D77: fórmula
A78: TOTAL DO GRUPO 4.3 | B78: =SUM(B76:B77) -> 0.002052 | C78: =SUM(C76:C77) -> 0
A80: SUBMÓDULO 4.4: PROVISÃO PARA RESCISÃO
A81: RUBRICA | B81: % | C81: VALOR | D81: OBSERVAÇÕES/ FUNDAMENTO LEGAL/MEMÓRIA DE CÁLCULO
A82: A) Aviso Prévio Indenizado | B82: 0.0194 | C82: =B82*$C$29 -> 0 | D82: Art 7º, XXI, CF e 477, 487 e 491 CLT:
A83: B) FGTS s/ Av Pr Inden | B83: =B82*8% -> 0.001552 | C83: =B83*$C$29 -> 0 | D83: De acordo com retificação, publicada no DOU de 1/04/11, da PN 07/11, a incidência do FGTS passa a ser sobre o API
A84: C) Multa do FGTS s/ AP Ind | B84: =B83*50% -> 0.000776 | C84: =B84*$C$29 -> 0 | D84: fórmula
A85: D) Aviso Previo Trabalhado | B85: 0.0054 | C85: =B85*$C$29 -> 0 | D85: Art 7º, XXI, CF e 477, 487 e 491 CLT: 1sal/30(dias)*7(aviso previo)/12(meses)*1%
A86: Aviso Prévio Final contrato | B86: 0.0001 | C86: =B86*$C$29 -> 0 | D86: Art 7º, XXI, CF e 477, 487 e 491 CLT
A87: E) Incid 4.1 s/ Av Pr. Trab. | B87: =((B85+B86))*B65 -> 0.002024 | C87: =B87*$C$29 -> 0 | D87: fórmula
A88: F) Multa do FGTS s/ Av Prev Trab | B88: 0.04 | C88: =B88*$C$29 -> 0 | D88: Lei 8036/90 e 9491/97e LC 110/2001: 8%(FGTS)x50%(Multa)x100%( estimando todos demitidos ao final do contrato)
A89: G) Indenização Adicional | B89: 0.0003 | C89: =B89*$C$29 -> 0 | D89: Lei nº 6.708/1979 e a Lei nº 7.238/1984: 1(mês)/12(meses)x1%frequencia estimada
A90: TOTAL DO GRUPO 4.4 | B90: =SUM(B82:B89) -> 0.069552 | C90: =SUM(C82:C89) -> 0
A92: SUBMÓDULO 4.5: CUSTO DE REPOSIÇÃO DE PROFISSIONAL AUSENTE
A93: RUBRICA | B93: % | C93: VALOR | D93: OBSERVAÇÕES/ FUNDAMENTO LEGAL/MEMÓRIA DE CÁLCULO
A94: A) Férias | B94: 0.1111 | C94: =B94*$C$29 -> 0 | D94: 1/11 avos + 1/3 abono constitucional
A95: B) Ausência por Doença | B95: 0.0045 | C95: =B95*$C$29 -> 0 | D95: Art. 59 e 64 lei 8213/91
A96: C) Licença Paternidade | B96: 0.0063 | C96: =B96*$C$29 -> 0 | D96: Art. XIX CF e 10§1º CLT
A97: D) Ausências legais | B97: 0.0021 | C97: =B97*$C$29 -> 0
A98: E) Ausência por Acidente do Trabalho | B98: 0.0032 | C98: =B98*$C$29 -> 0 | D98: Art.19 a 23 lei 8213/91
A99: F) OUTROS | B99: 0 | C99: =B99*$C$29 -> 0
A100: SUBTOTAL | B100: =SUM(B94:B99) -> 0.1272 | C100: =B100*$C$29 -> 0
A101: G) Incid. 4.1 s/ custo rep prof ausente | B101: =B100*B65 -> 0.0468096 | C101: =B101*$C$29 -> 0
A102: TOTAL DO GRUPO 4.5 | B102: =B100+B101 -> 0.1740096 | C102: =C100+C101 -> 0
A104: QUADRO RESUMO MÓDULO 4: ENCARGOS SOCIAIS E TRABALHISTAS
A105: RESUMO | B105: % | C105: VALOR | D105: OBSERVAÇÕES/ FUNDAMENTO LEGAL/MEMÓRIA DE CÁLCULO
A106: 4.1. Encargos Previdenc. e FGTS | B106: =B65 -> 0.368 | C106: =C65 -> 0
A107: 4.2. 13º Sal | B107: =B72 -> 0.1139544 | C107: =C72 -> 0
A108: 4.3. Afastamento Maternidade | B108: =B78 -> 0.002052 | C108: =C78 -> 0
A109: 4.4. Provisão p/ rescisão | B109: =B90 -> 0.069552 | C109: =C90 -> 0
A110: 4.5. Custo de Repos. Prof. Ausente | B110: =B102 -> 0.1740096 | C110: =C102 -> 0
A111: TOTAL DO MÓDULO 4 | B111: =SUM(B106:B110) -> 0.727568 | C111: =SUM(C106:C110) -> 0
A113: VALOR DOS CUSTOS DIRETOS | B113: =C111+C50+C42+C29 -> 883.66667 | D113: MODULO 1+MÓDULO 2+MÓDULO 3+MÓDULO 4
A115: MÓDULO 5: CUSTOS INDIRETOS, TRIBUTOS E LUCRO
A116: OPÇÃO TRIBUTAÇÃO: LUCRO REAL, PRESUMIDO OU SIMPLES
A117: ESCOLHER OPÇÃO DO REGIME DE TRIBUTAÇÃO: | D117: LUCRO REAL
...

Sheet vigia SDF
A1: PREFEITURA MUNICIPAL DE PINHAIS
A3: SECRETARIA MUNCIPAL DE SEGURANÇA E TRANSITO - SESET
A5: MODELO DE PLANILHA DE CUSTOS E FORMAÇÃO DO PREÇO
A6: EMPRESA:
A7: Licitação nº: | B7: XX | D7: 20XX
A8: OBJETO DA LICITAÇÃO: | B8: POSTO FIXO DE VIGIA
A10: Regime Tributário da Empresa: LUCRO REAL
A12: DISCRIMINAÇÃO DOS SERVIÇOS - DADOS REFERENTES À CONTRATAÇÃO
A13: Tipo de Serviço | D13: VIGIA NOTURNO
A14: Unidade de Medida | D14: POSTO
A15: Número de Meses da execucao contratual | D15: 24
A16: Categoria Profissional | D16: =D13 -> VIGIA NOTURNO
A17: Data base da categoria | D17: 46054
A20: MÓDULO 1: COMPOSIÇÃO DA REMUNERAÇÃO | D20: 1
A21: CATEGORIA DO EMPREGADO: | B21: VIGIA SDF
A23: REMUNERAÇÃO | B23: % | C23: VALOR | D23: FUNDAMENTO LEGAL/MEMÓRIA DE CÁLCULO
A24: Salário Normativo | C24: 0 | D24: Piso da categoria CCT
A25: Adicional Noturno | C25: =(1412*B25) -> 0 | D25: De acordo com o CCT
A26: Hora extra Reduzido Noturna | C26: 0
A27: Outros (Especificar) | C27: 0
A28: TOTAL DA REMUNERAÇÃO | C28: =SUM(C24:C27) -> 0 | D28: Salário + Adicionais
A29: TOTAL DO MÓDULO 1 | C29: =C28 -> 0 | D29: Total da Remuneração: salário + Adicionais
A31: MÓDULO 2: BENEFÍCIOS MENSAIS E DIÁRIOS
A32: *OBS: O valor informado deverá ser o custo real do insumo, descontado o valor eventualmente pago pelo empregado.
A33: BENEFÍCIOS | B33: % s/REMUN | C33: VALOR | D33: OBSERVAÇÕES/ FUNDAMENTO LEGAL/MEMÓRIA DE CÁLCULO
A34: Vale-transporte | B34: =C34/$C$29 -> #DIV/0! | C34: =(6*15.5*2)-(C24*6%) -> 186 | D34: CCT 2024 cláusula 14ª Lei 7.418/95; OBS: Caso o transporte seja feito pela própria empresa apresentar justificativa e os custos relativos a essa forma de transporte.
A35: Vale alimentação | B35: =C35/$C$29 -> #DIV/0! | C35: =805*0.8 -> 644 | D35: CCT 2020 cláusula 13ª
A36: Seguro de Vida | B36: =C36/$C$29 -> #DIV/0! | C36: 0
A37: Auxilio Funeral - Benefício Social Familiar | B37: =C37/$C$29 -> #DIV/0! | C37: 0 | D37: CCT 2020 cláusula 16ª
A38: Assistência Médica | B38: =C38/$C$29 -> #DIV/0! | C38: 0 | D38: CCT 2020 cláusula 15ª
A39: Exames Medicos/Laudos Seg.Trab. | B39: =C39/$C$29 -> #DIV/0! | C39: 0
A40: Fundo de Formação Profissional | B40: =C40/$C$29 -> #DIV/0! | C40: 0 | D40: CCT 2020 cláusula 22ª
A41: Refeição nas Férias | B41: =C41/$C$29 -> #DIV/0! | C41: =C35/12 -> 53.666667
A42: TOTAL DO MÓDULO 2 | B42: =SUM(B34:B41) -> #DIV/0! | C42: =SUM(C34:C41) -> 883.66667 | D42: Total dos Benefícios mensais e diários
A44: MÓDULO 3: INSUMOS DIVERSOS
A45: BENEFÍCIOS | B45: % s/REMUN | C45: VALOR | D45: OBSERVAÇÕES/ FUNDAMENTO LEGAL/MEMÓRIA DE CÁLCULO
A46: Uniforme/EPI | B46: =C46/$C$29 -> #DIV/0! | C46: 0 | D46: Inclui todos os itens que compõe o uniforme e EPI, que é fornecido gratuitamente ao empregado. Sugere-se pesquisa de preços.
A47: Equipamentos | C47: =C29*B47 -> 0
A48: Materiais de limpeza | C48: =C29*B48 -> 0
A49: Equipamento Relogio Biométrico
A50: TOTAL DO MÓDULO 3 | B50: =SUM(B46:B49) -> #DIV/0! | C50: =SUM(C46:C49) -> 0 | D50: Total dos Insumos diversos
A52: MÓDULO 4: ENCARGOS SOCIAIS E TRABALHISTAS
A53: *OPÇÃO ENCARGOS SOCIAIS : GERAL OU SIMPLES
A54: ESCOLHER OPÇÃO DO TIPO DE EMPRESA : "GERAL" | D54: GERAL
A55: SUBMÓDULO 4.1: Encargos Previdenciários e FGTS
A56: RUBRICA | B56: % | C56: VALOR | D56: OBSERVAÇÕES/ FUNDAMENTO LEGAL/MEMÓRIA DE CÁLCULO
A57: INSS | B57: 0.2 | C57: =B57*$C$29 -> 0 | D57: Fundamento Legal: art. 25, inciso I, da Lei 8.212/91. Portanto, igual a 20% sobre o total da remuneração.
A58: SESI/SESC | B58: 0.015 | C58: =B58*$C$29 -> 0 | D58: Fundamento Legal: art. 30 da Lei 8.036/90. Portanto, igual a 1,5% sobre o total da remuneração
A59: INCRA | B59: 0.002 | C59: =B59*$C$29 -> 0 | D59: Fundamento Legal: Decreto Lei nº 1.146/70. Portanto 0,2% sobre o total da remuneração
A60: SENAI/SENAC | B60: 0.01 | C60: =B60*$C$29 -> 0 | D60: Fundamento Legal: Decreto nº 2.318/86. Portanto, 1% sobre o total da remuneração
A61: Salário Educação | B61: 0.025 | C61: =B61*$C$29 -> 0 | D61: Fundamento Legal: Art. 3º, inciso I, do Decreto nº 87.043/82. Portanto, 2,5% sobre o total da remuneração
A62: R.A.T. (RAT 3,00% x FAP1) | B62: 0.03 | C62: =B62*$C$29 -> 0 | D62: Fundamento Legal: Art. 22, inciso II, da Lei 8.212/91 e Decreto nº 3048, de 6/5/99, anexo V, alterado pelo Decreto 6042 de 12/2/07.
A63: FGTS | B63: 0.08 | C63: =B63*$C$29 -> 0 | D63: Fundamento Legal: Art. 15 da Lei. 8036/90 e art 7º, inciso III, da Constituição Federal de 05/10/88.Portanto, 8,0% sobre a remuneração.
A64: SEBRAE | B64: 0.006 | C64: =B64*$C$29 -> 0 | D64: Fundamento Legal: Art. 8º da Lei 8.029/910, alterada pela Lei nº 8.154/90. Portanto, 0,6% sobre o total da remuneração
A65: TOTAL DO GRUPO 4.1 | B65: =SUM(B57:B64) -> 0.368 | C65: =SUM(C57:C64) -> 0 | D65: Soma de todos os Encargos Sociais do Grupo 4.1
A67: SUBMÓDULO 4.2: 13º SALÁRIO
A68: RUBRICA | B68: % | C68: VALOR | D68: OBSERVAÇÕES/ FUNDAMENTO LEGAL/MEMÓRIA DE CÁLCULO
A69: B) 13º salario | B69: 0.0833 | C69: =B69*$C$29 -> 0
A70: Subtotal | B70: 0.0833 | C70: =B70*$C$29 -> 0
A71: C) Incid. do 4.1 sobre 13º Sal | B71: =B70*B65 -> 0.0306544 | C71: =B71*$C$29 -> 0
A72: TOTAL DO GRUPO 4.2 | B72: =B70+B71 -> 0.1139544 | C72: =C70+C71 -> 0
A74: SUBMÓDULO 4.3: AFASTAMENTO MATERNIDADE
A75: RUBRICA | B75: % | C75: VALOR | D75: OBSERVAÇÕES/ FUNDAMENTO LEGAL/MEMÓRIA DE CÁLCULO
A76: A) Licença Maternidade | B76: 0.0015 | C76: =B76*$C$29 -> 0 | D76: Lei 10.421/02 - Lei 12.010/2009
A77: B) Incid. do 4.1 sobre Afast Matern | B77: =B76*B65 -> 0.000552 | C77: =B77*$C$29 -> 0 | D77: fórmula
A78: TOTAL DO GRUPO 4.3 | B78: =SUM(B76:B77) -> 0.002052 | C78: =SUM(C76:C77) -> 0
A80: SUBMÓDULO 4.4: PROVISÃO PARA RESCISÃO
A81: RUBRICA | B81: % | C81: VALOR | D81: OBSERVAÇÕES/ FUNDAMENTO LEGAL/MEMÓRIA DE CÁLCULO
A82: A) Aviso Prévio Indenizado | B82: 0.0194 | C82: =B82*$C$29 -> 0 | D82: Art 7º, XXI, CF e 477, 487 e 491 CLT:
A83: B) FGTS s/ Av Pr Inden | B83: =B82*8% -> 0.001552 | C83: =B83*$C$29 -> 0 | D83: De acordo com retificação, publicada no DOU de 1/04/11, da PN 07/11, a incidência do FGTS passa a ser sobre o API
A84: C) Multa do FGTS s/ AP Ind | B84: =B83*50% -> 0.000776 | C84: =B84*$C$29 -> 0 | D84: fórmula
A85: D) Aviso Previo Trabalhado | B85: 0.0054 | C85: =B85*$C$29 -> 0 | D85: Art 7º, XXI, CF e 477, 487 e 491 CLT: 1sal/30(dias)*7(aviso previo)/12(meses)*1%
A86: Aviso Prévio Final contrato | B86: 0.0001 | C86: =B86*$C$29 -> 0 | D86: Art 7º, XXI, CF e 477, 487 e 491 CLT
A87: E) Incid 4.1 s/ Av Pr. Trab. | B87: =((B85+B86))*B65 -> 0.002024 | C87: =B87*$C$29 -> 0 | D87: fórmula
A88: F) Multa do FGTS s/ Av Prev Trab | B88: 0.04 | C88: =B88*$C$29 -> 0 | D88: Lei 8036/90 e 9491/97e LC 110/2001: 8%(FGTS)x50%(Multa)x100%( estimando todos demitidos ao final do contrato)
A89: G) Indenização Adicional | B89: 0.0003 | C89: =B89*$C$29 -> 0 | D89: Lei nº 6.708/1979 e a Lei nº 7.238/1984: 1(mês)/12(meses)x1%frequencia estimada
A90: TOTAL DO GRUPO 4.4 | B90: =SUM(B82:B89) -> 0.069552 | C90: =SUM(C82:C89) -> 0
A92: SUBMÓDULO 4.5: CUSTO DE REPOSIÇÃO DE PROFISSIONAL AUSENTE
A93: RUBRICA | B93: % | C93: VALOR | D93: OBSERVAÇÕES/ FUNDAMENTO LEGAL/MEMÓRIA DE CÁLCULO
A94: A) Férias | B94: 0.1111 | C94: =B94*$C$29 -> 0 | D94: 1/11 avos + 1/3 abono constitucional
A95: B) Ausência por Doença | B95: 0.0045 | C95: =B95*$C$29 -> 0 | D95: Art. 59 e 64 lei 8213/91
A96: C) Licença Paternidade | B96: 0.0063 | C96: =B96*$C$29 -> 0 | D96: Art. XIX CF e 10§1º CLT
A97: D) Ausências legais | B97: 0.0021 | C97: =B97*$C$29 -> 0
A98: E) Ausência por Acidente do Trabalho | B98: 0.0032 | C98: =B98*$C$29 -> 0 | D98: Art.19 a 23 lei 8213/91
A99: F) OUTROS | B99: 0 | C99: =B99*$C$29 -> 0
A100: SUBTOTAL | B100: =SUM(B94:B99) -> 0.1272 | C100: =B100*$C$29 -> 0
A101: G) Incid. 4.1 s/ custo rep prof ausente | B101: =B100*B65 -> 0.0468096 | C101: =B101*$C$29 -> 0
A102: TOTAL DO GRUPO 4.5 | B102: =B100+B101 -> 0.1740096 | C102: =C100+C101 -> 0
A104: QUADRO RESUMO MÓDULO 4: ENCARGOS SOCIAIS E TRABALHISTAS
A105: RESUMO | B105: % | C105: VALOR | D105: OBSERVAÇÕES/ FUNDAMENTO LEGAL/MEMÓRIA DE CÁLCULO
A106: 4.1. Encargos Previdenc. e FGTS | B106: =B65 -> 0.368 | C106: =C65 -> 0
A107: 4.2. 13º Sal | B107: =B72 -> 0.1139544 | C107: =C72 -> 0
A108: 4.3. Afastamento Maternidade | B108: =B78 -> 0.002052 | C108: =C78 -> 0
A109: 4.4. Provisão p/ rescisão | B109: =B90 -> 0.069552 | C109: =C90 -> 0
A110: 4.5. Custo de Repos. Prof. Ausente | B110: =B102 -> 0.1740096 | C110: =C102 -> 0
A111: TOTAL DO MÓDULO 4 | B111: =SUM(B106:B110) -> 0.727568 | C111: =SUM(C106:C110) -> 0
A113: VALOR DOS CUSTOS DIRETOS | B113: =C111+C50+C42+C29 -> 883.66667 | D113: MODULO 1+MÓDULO 2+MÓDULO 3+MÓDULO 4
A115: MÓDULO 5: CUSTOS INDIRETOS, TRIBUTOS E LUCRO
A116: OPÇÃO TRIBUTAÇÃO: LUCRO REAL, PRESUMIDO OU SIMPLES
A117: ESCOLHER OPÇÃO DO REGIME DE TRIBUTAÇÃO: | D117: LUCRO REAL
...

Sheet SALDO CONVENÇÃO ANTERIOR
A1: PREFEITURA MUNICIPAL DE PINHAIS
A2: SECRETARIA MUNICIPAL DE ADMINISTRAÇÃO
A3: SALDO ATUAL PARA 4 MESES - 01/02/2018 A 31/05/2018 - COM A CONVENÇÃO ANTERIOR
A4: ITEM | B4: OBJETO | D4: POSTOS | F4: CUSTO UN | G4: CUSTO | H4: CUSTO TOTAL (4 MESES)
G5: MENSAL
A6: I | B6: Serviços de Copeiragem | D6: 7 postos | F6: #REF! | G6: =ROUND((F6*7),2) -> #VALUE! | H6: =ROUND((G6*4),2) -> #VALUE!
A7: SUB-TOTAL | G7: =G6 -> #VALUE! | H7: =H6 -> #VALUE!
A8: SECRETARIA DE ADMINISTRAÇÃO
A9: ITEM | B9: OBJETO | D9: ÁREA | F9: CUSTO UN | G9: CUSTO | H9: CUSTO TOTAL (4 MESES)
D10: METRO | G10: MENSAL
A11: II | B11: Limpeza Áreas Internas | D11: =26019.26-370.56+617.99 -> 26266.69 | F11: #ERROR! | G11: =ROUND((D11*F11),2) -> #VALUE! | H11: =ROUND((G11*4),2) -> #VALUE!
A12: III | B12: Limpeza Áreas Externas | D12: =9530.06-9530.06 -> 0 | F12: #ERROR! | G12: =ROUND((D12*F12),2) -> #VALUE! | H12: =ROUND((G12*12),2) -> #VALUE!
A13: IV | B13: Limpeza Áreas de Vidros e Esquadrias | D13: 2077.03 | F13: #REF! | G13: =ROUND((D13*F13),2) -> #VALUE! | H13: =ROUND((G13*4),2) -> #VALUE!
A14: SUB-TOTAL | G14: =ROUND((SUM(G11:G13)),2) -> #VALUE! | H14: =ROUND((SUM(H11:H13)),2) -> #VALUE!
A15: SECRETARIA DE GOVERNO
A16: ITEM | B16: OBJETO | D16: ÁREA | F16: CUSTO UN | G16: CUSTO | H16: CUSTO TOTAL (4 MESES)
D17: METRO | G17: MENSAL
A18: II | B18: Limpeza Áreas Internas | D18: 370.56 | F18: =F11 -> #ERROR! | G18: =ROUND((D18*F18),2) -> #VALUE! | H18: =ROUND((G18*4),2) -> #VALUE!
A19: SUB-TOTAL | G19: =ROUND((SUM(G18)),2) -> #VALUE! | H19: =ROUND((SUM(H18)),2) -> #VALUE!
A20: SECRETARIA DE SAÚDE
A21: ITEM | B21: OBJETO | D21: ÁREA | F21: CUSTO UN | G21: CUSTO | H21: CUSTO TOTAL (4 MESES)
D22: METRO | G22: MENSAL
A23: V | B23: Limpeza Áreas Internas | D23: =2881.34-224.09-257.82 -> 2399.43 | F23: =F11 -> #ERROR! | G23: =ROUND((D23*F23),2) -> #VALUE! | H23: =ROUND((G23*4),2) -> #VALUE!
A24: VI | B24: Limpeza Áreas Externas | D24: =2159.9-354.77-615.39 -> 1189.74 | F24: =F12 -> #ERROR! | G24: =ROUND((D24*F24),2) -> #VALUE! | H24: =ROUND((G24*4),2) -> #VALUE!
A25: VII | B25: Limpeza Áreas de Vidros e Esquadrias | D25: =744.67+958.29-29.32 -> 1673.64 | F25: #REF! | G25: =ROUND((D25*F25),2) -> #VALUE! | H25: =ROUND((G25*4),2) -> #VALUE!
A26: VIII | B26: Limpeza Áreas Internas Insalubridade | D26: =5927.36+435.77 -> 6363.13 | F26: #ERROR! | G26: =ROUND((D26*F26),2) -> #VALUE! | H26: =ROUND((G26*4),2) -> #VALUE!
A27: IX | B27: Limpeza Áreas Externas Insalubridade | D27: =2620.63+183.57 -> 2804.2 | F27: #ERROR! | G27: =ROUND((D27*F27),2) -> #VALUE! | H27: =ROUND((G27*4),2) -> #VALUE!
A28: SUB-TOTAL | G28: =ROUND((SUM(G23:G27)),2) -> #VALUE! | H28: =ROUND((SUM(H23:H27)),2) -> #VALUE!
A29: SECRETARIA DE EDUCAÇÃO
A30: ITEM | B30: OBJETO | D30: ÁREA | F30: CUSTO UN | G30: CUSTO | H30: CUSTO TOTAL (4 MESES)
D31: METRO | G31: MENSAL
A32: X | B32: Limpeza Áreas Internas SEMED | D32: =58698.12+1100 -> 59798.12 | F32: #ERROR! | G32: =ROUND((D32*F32),2) -> #VALUE! | H32: =ROUND((G32*4),2) -> #VALUE!
A33: XI | B33: Limpeza Áreas Externas SEMED | D33: =32310.27-1615.99+1000 -> 31694.28 | F33: #ERROR! | G33: =ROUND((D33*F33),2) -> #VALUE! | H33: =ROUND((G33*4),2) -> #VALUE!
A34: XII | B34: Limpeza Áreas de Vidros e Esquadrias | D34: 9331.53 | F34: #REF! | G34: =ROUND((D34*F34),2) -> #VALUE! | H34: =ROUND((G34*4),2) -> #VALUE!
A35: I | B35: Serviços de Copeiragem | D35: 1 postos | F35: =F6 -> #REF! | G35: =ROUND((F35*1),2) -> #VALUE! | H35: =ROUND((G35*4),2) -> #VALUE!
B36: SUB-TOTAL | G36: =ROUND((SUM(G32:G35)),2) -> #VALUE! | H36: =ROUND((SUM(H32:H35)),2) -> #VALUE!
A37: =ROUND((G7+G14+G19+G28+G36),2) -> #VALUE! | H37: =ROUND((H7+H14+H19+H28+H36),2) -> #VALUE!

Sheet SALDO COM 9º, 11º E 12º
A1: PREFEITURA MUNICIPAL DE PINHAIS
A2: SECRETARIA MUNICIPAL DE ADMINISTRAÇÃO
A3: SALDO ATUAL PARA 4 MESES - 01/02/2019 A 31/05/2019 -COM A NOVA CONVENÇÃO E COM 9º, 11º, 12º ADITAMENTO INCLUSOS
A4: ITEM | B4: OBJETO | D4: POSTOS | F4: CUSTO UN | G4: CUSTO | H4: CUSTO TOTAL (4 MESES)
G5: MENSAL
A6: I | B6: Serviços de Copeiragem | D6: 9 postos | F6: =ROUND((#REF!),2) -> #REF! | G6: =ROUND((F6*9),2) -> #REF! | H6: =ROUND((G6*4),2) -> #REF!
A7: SUB-TOTAL | G7: =G6 -> #REF! | H7: =H6 -> #REF!
A8: SECRETARIA DE ADMINISTRAÇÃO
A9: ITEM | B9: OBJETO | D9: ÁREA | F9: CUSTO UN | G9: CUSTO | H9: CUSTO TOTAL (4 MESES)
D10: METRO | G10: MENSAL
A11: II | B11: Limpeza Áreas Internas | D11: =26019.26-370.56+617.99+1105-137.7+600+1200 -> 29033.99 | F11: =#REF!+[1]Encarregado!#REF! -> #ERROR! | G11: =ROUND((D11*F11),2) -> #ERROR! | H11: =ROUND((G11*4),2) -> #ERROR!
A12: III | B12: Limpeza Áreas Externas | D12: =9530.06-9530.06 -> 0 | F12: =#REF!+[1]Encarregado!#REF! -> #ERROR! | G12: =ROUND((D12*F12),2) -> #ERROR! | H12: =ROUND((G12*12),2) -> #ERROR!
A13: IV | B13: Limpeza Áreas de Vidros e Esquadrias | D13: 2077.03 | F13: ='[2]Equipe Volante'!D205 -> #REF! | G13: =ROUND((D13*F13),2) -> #REF! | H13: =ROUND((G13*4),2) -> #REF!
A14: SUB-TOTAL | G14: =ROUND((SUM(G11:G13)),2) -> #ERROR! | H14: =ROUND((SUM(H11:H13)),2) -> #ERROR!
A15: SECRETARIA DE GOVERNO
A16: ITEM | B16: OBJETO | D16: ÁREA | F16: CUSTO UN | G16: CUSTO | H16: CUSTO TOTAL (4 MESES)
D17: METRO | G17: MENSAL
A18: II | B18: Limpeza Áreas Internas | D18: 370.56 | F18: =F11 -> #ERROR! | G18: =ROUND((D18*F18),2) -> #ERROR! | H18: =ROUND((G18*4),2) -> #ERROR!
A19: SUB-TOTAL | G19: =ROUND((SUM(G18)),2) -> #ERROR! | H19: =ROUND((SUM(H18)),2) -> #ERROR!
A20: SECRETARIA DE SAÚDE
A21: ITEM | B21: OBJETO | D21: ÁREA | F21: CUSTO UN | G21: CUSTO | H21: CUSTO TOTAL (4 MESES)
D22: METRO | G22: MENSAL
A23: V | B23: Limpeza Áreas Internas | D23: =2881.34-224.09-257.82 -> 2399.43 | F23: =F11 -> #ERROR! | G23: =ROUND((D23*F23),2) -> #ERROR! | H23: =ROUND((G23*4),2) -> #ERROR!
A24: VI | B24: Limpeza Áreas Externas | D24: =2159.9-354.77-615.39 -> 1189.74 | F24: =F12 -> #ERROR! | G24: =ROUND((D24*F24),2) -> #ERROR! | H24: =ROUND((G24*4),2) -> #ERROR!
A25: VII | B25: Limpeza Áreas de Vidros e Esquadrias | D25: =744.67+958.29-29.32 -> 1673.64 | F25: ='[2]Equipe Volante'!D205 -> #REF! | G25: =ROUND((D25*F25),2) -> #REF! | H25: =ROUND((G25*4),2) -> #REF!
A26: VIII | B26: Limpeza Áreas Internas Insalubridade | D26: =5927.36+435.77 -> 6363.13 | F26: =#REF!+[1]Encarregado!#REF! -> #ERROR! | G26: =ROUND((D26*F26),2) -> #ERROR! | H26: =ROUND((G26*4),2) -> #ERROR!
A27: IX | B27: Limpeza Áreas Externas Insalubridade | D27: =2620.63+183.57 -> 2804.2 | F27: =#REF!+[1]Encarregado!#REF! -> #ERROR! | G27: =ROUND((D27*F27),2) -> #ERROR! | H27: =ROUND((G27*4),2) -> #ERROR!
A28: SUB-TOTAL | G28: =ROUND((SUM(G23:G27)),2) -> #ERROR! | H28: =ROUND((SUM(H23:H27)),2) -> #ERROR!
A29: SECRETARIA DE EDUCAÇÃO
A30: ITEM | B30: OBJETO | D30: ÁREA | F30: CUSTO UN | G30: CUSTO | H30: CUSTO TOTAL (4 MESES)
D31: METRO | G31: MENSAL
A32: X | B32: Limpeza Áreas Internas SEMED | D32: =58698.12+1100+542.32 -> 60340.44 | F32: =#REF!+[1]Encarregado!#REF! -> #ERROR! | G32: =ROUND((D32*F32),2) -> #ERROR! | H32: =ROUND((G32*4),2) -> #ERROR!
A33: XI | B33: Limpeza Áreas Externas SEMED | D33: =32310.27-1615.99+1000+1615.99 -> 33310.27 | F33: =#REF!+[1]Encarregado!#REF! -> #ERROR! | G33: =ROUND((D33*F33),2) -> #ERROR! | H33: =ROUND((G33*4),2) -> #ERROR!
A34: XII | B34: Limpeza Áreas de Vidros e Esquadrias | D34: 9331.53 | F34: ='[2]Equipe Volante'!D205 -> #REF! | G34: =ROUND((D34*F34),2) -> #REF! | H34: =ROUND((G34*4),2) -> #REF!
A35: I | B35: Serviços de Copeiragem | D35: 1 posto | F35: =F6 -> #REF! | G35: =ROUND((F35*1),2) -> #REF! | H35: =ROUND((G35*4),2) -> #REF!
B36: SUB-TOTAL | G36: =ROUND((SUM(G32:G35)),2) -> #ERROR! | H36: =ROUND((SUM(H32:H35)),2) -> #ERROR!
A37: =ROUND((G7+G14+G19+G28+G36),2) -> #REF! | H37: =ROUND((H7+H14+H19+H28+H36),2) -> #REF!
A39: * o 10º aditamento é de prazo

Sheet REEQUILIBRIO 13º ADT
A1: PREFEITURA MUNICIPAL DE PINHAIS
A2: SECRETARIA MUNICIPAL DE ADMINISTRAÇÃO
A3: REEQUILÍBRIO PARA 4 MESES - 01/02/2019 A 31/05/2019 - COM A NOVA CONVENÇÃO
A4: ITEM | B4: OBJETO | D4: POSTOS | F4: CUSTO UN | G4: CUSTO | H4: CUSTO TOTAL (4 MESES)
G5: MENSAL
A6: I | B6: Serviços de Copeiragem | D6: 9 postos | F6: =[3]COTAÇÃO!#REF!-'SALDO CONVENÇÃO ANTERIOR'!F6 -> #ERROR! | G6: =ROUND((F6*9),2) -> #ERROR! | H6: =ROUND((G6*4),2) -> #ERROR!
A7: SUB-TOTAL | G7: =G6 -> #ERROR! | H7: =H6 -> #ERROR!
A8: SECRETARIA DE ADMINISTRAÇÃO
A9: ITEM | B9: OBJETO | D9: ÁREA | F9: CUSTO UN | G9: CUSTO | H9: CUSTO TOTAL (4 MESES)
D10: METRO | G10: MENSAL
A11: II | B11: Limpeza Áreas Internas | D11: =26019.26-370.56+617.99+1105-137.7+600+1200 -> 29033.99 | F11: =[3]COTAÇÃO!#REF!-'SALDO CONVENÇÃO ANTERIOR'!F11 -> #ERROR! | G11: =ROUND((D11*F11),2) -> #ERROR! | H11: =ROUND((G11*4),2) -> #ERROR!
A12: III | B12: Limpeza Áreas Externas | D12: =9530.06-9530.06 -> 0 | F12: 0 | G12: =ROUND((D12*F12),2) -> 0 | H12: =ROUND((G12*12),2) -> 0
A13: IV | B13: Limpeza Áreas de Vidros e Esquadrias | D13: 2077.03 | F13: =[3]COTAÇÃO!#REF!-'SALDO CONVENÇÃO ANTERIOR'!F13 -> #ERROR! | G13: =ROUND((D13*F13),2) -> #ERROR! | H13: =ROUND((G13*4),2) -> #ERROR!
A14: SUB-TOTAL | G14: =ROUND((SUM(G11:G13)),2) -> #ERROR! | H14: =ROUND((SUM(H11:H13)),2) -> #ERROR!
A15: SECRETARIA DE GOVERNO
A16: ITEM | B16: OBJETO | D16: ÁREA | F16: CUSTO UN | G16: CUSTO | H16: CUSTO TOTAL (4 MESES)
D17: METRO | G17: MENSAL
A18: II | B18: Limpeza Áreas Internas | D18: 370.56 | F18: =F11 -> #ERROR! | G18: =ROUND((D18*F18),2) -> #ERROR! | H18: =ROUND((G18*4),2) -> #ERROR!
A19: SUB-TOTAL | G19: =ROUND((SUM(G18)),2) -> #ERROR! | H19: =ROUND((SUM(H18)),2) -> #ERROR!
A20: SECRETARIA DE SAÚDE
A21: ITEM | B21: OBJETO | D21: ÁREA | F21: CUSTO UN | G21: CUSTO | H21: CUSTO TOTAL (4 MESES)
D22: METRO | G22: MENSAL
A23: V | B23: Limpeza Áreas Internas | D23: =2881.34-224.09-257.82 -> 2399.43 | F23: =F11 -> #ERROR! | G23: =ROUND((D23*F23),2) -> #ERROR! | H23: =ROUND((G23*4),2) -> #ERROR!
A24: VI | B24: Limpeza Áreas Externas | D24: =2159.9-354.77-615.39 -> 1189.74 | F24: =[3]COTAÇÃO!#REF!-'SALDO CONVENÇÃO ANTERIOR'!F24 -> #ERROR! | G24: =ROUND((D24*F24),2) -> #ERROR! | H24: =ROUND((G24*4),2) -> #ERROR!
A25: VII | B25: Limpeza Áreas de Vidros e Esquadrias | D25: =744.67+958.29-29.32 -> 1673.64 | F25: =F13 -> #ERROR! | G25: =ROUND((D25*F25),2) -> #ERROR! | H25: =ROUND((G25*4),2) -> #ERROR!
A26: VIII | B26: Limpeza Áreas Internas Insalubridade | D26: =5927.36+435.77 -> 6363.13 | F26: =[3]COTAÇÃO!#REF!-'SALDO CONVENÇÃO ANTERIOR'!F26 -> #ERROR! | G26: =ROUND((D26*F26),2) -> #ERROR! | H26: =ROUND((G26*4),2) -> #ERROR!
A27: IX | B27: Limpeza Áreas Externas Insalubridade | D27: =2620.63+183.57 -> 2804.2 | F27: =[3]COTAÇÃO!#REF!-'SALDO CONVENÇÃO ANTERIOR'!F27 -> #ERROR! | G27: =ROUND((D27*F27),2) -> #ERROR! | H27: =ROUND((G27*4),2) -> #ERROR!
A28: SUB-TOTAL | G28: =ROUND((SUM(G23:G27)),2) -> #ERROR! | H28: =ROUND((SUM(H23:H27)),2) -> #ERROR!
A29: SECRETARIA DE EDUCAÇÃO
A30: ITEM | B30: OBJETO | D30: ÁREA | F30: CUSTO UN | G30: CUSTO | H30: CUSTO TOTAL (4 MESES)
D31: METRO | G31: MENSAL
A32: X | B32: Limpeza Áreas Internas SEMED | D32: =58698.12+1100+542.32 -> 60340.44 | F32: =[3]COTAÇÃO!#REF!-'SALDO CONVENÇÃO ANTERIOR'!F32 -> #ERROR! | G32: =ROUND((D32*F32),2) -> #ERROR! | H32: =ROUND((G32*4),2) -> #ERROR!
A33: XI | B33: Limpeza Áreas Externas SEMED | D33: =32310.27-1615.99+1000+1615.99 -> 33310.27 | F33: =[3]COTAÇÃO!#REF!-'SALDO CONVENÇÃO ANTERIOR'!F33 -> #ERROR! | G33: =ROUND((D33*F33),2) -> #ERROR! | H33: =ROUND((G33*4),2) -> #ERROR!
A34: XII | B34: Limpeza Áreas de Vidros e Esquadrias | D34: 9331.53 | F34: =F13 -> #ERROR! | G34: =ROUND((D34*F34),2) -> #ERROR! | H34: =ROUND((G34*4),2) -> #ERROR!
A35: I | B35: Serviços de Copeiragem | D35: 1 posto | F35: =F6 -> #ERROR! | G35: =ROUND((F35*1),2) -> #ERROR! | H35: =ROUND((G35*4),2) -> #ERROR!
A36: SUB-TOTAL | G36: =ROUND((SUM(G32:G35)),2) -> #ERROR! | H36: =ROUND((SUM(H32:H35)),2) -> #ERROR!
A37: =ROUND((G7+G14+G28+G36+G19),2) -> #ERROR! | H37: =ROUND((H7+H14+H19+H28+H36),2) -> #ERROR!
